AoeStats
← ccya

Arabia

510417389Analyzed
1v1 RM · 1d ago on Sep 30, 2026· 18m 46s· 2 players
Game mode
Random Map
Map size
Tiny (2 player)
Population
200
Speed
Normal
Resources
Standard
Victory
Conquest
Starting age
Dark Age
Ending age
Imperial Age
RankedLock teamsTeams togetherTeam positionsShared explorationLock speedFull tech treeHidden civsTurbo modeCheats
Victory
Defeat
🇧🇷 Inca · Brazil
989
+17
🇨🇳 Franks · China
1005
-17
ZAN ZAN!
6:52 Loom
9:35 Feudal Age
10:17 Champi Runner
14:45 Double-Bit Axe
16:18 Horse Collar
17:24 Fletching
19:14 Gold Mining
ccya
6:45 Loom
10:17 Feudal Age
Connection lost

Rejoining the realm…

Still unreachable

The connection could not be restored.

Session expired

The server has moved on; the page needs a fresh start.